 Dungeon Crawl Stone Soup version 0.28.0-45-g0d030f2227 (webtiles) character file.

Game seed: 14417069624672757119

487 Ablot the Cutter (level 7, 0/60 HPs)
             Began as a Gnoll Chaos Knight on Apr 15, 2022.
             Was a Plaything of Xom.
             Slain by an iron imp (3 damage)
             ... summoned by Xom
             ... on level 4 of the Dungeon.
             The game lasted 00:04:51 (4355 turns).

Ablot the Cutter (Gnoll Chaos Knight)               Turns: 4355, Time: 00:04:51

Health: 0/60       AC:  5    Str: 14    XL:     7   Next: 13%
Magic:  10/10      EV: 12    Int: 11    God:    Xom [....*.]
Gold:   168        SH:  0    Dex: 11    Spells: 9/10 levels left

rFire   . . .      SeeInvis .   a - +0 short sword (chaos)
rCold   . . .      Faith    .   (no shield)
rNeg    . . .      Spirit   .   b - +2 leather armour
rPois   .          Reflect  .   (no helmet)
rElec   .          Harm     .   (no cloak)
rCorr   .          Rampage  .   (no gloves)
Will    .....                   (no boots)
Stlth   ++........              q - amulet of the acrobat
HPRegen 0.20/turn               (no ring)
MPRegen 0.12/turn               (no ring)

@: mighty, brilliant, attractive
A: fangs 1, strong nose, distributed training
a: Renounce Religion


You were on level 4 of the Dungeon.
You worshipped Xom.
You were a beloved toy of Xom.
You visited 1 branch of the dungeon, and saw 4 of its levels.

You collected 168 gold pieces.

Inventory:

Hand Weapons
 a - a +0 short sword of chaos (weapon)
 e - a +1 dagger of venom
 n - a +2 short sword of holy wrath
Missiles
 g - 29 bolts
 h - 214 stones (quivered)
 t - 38 arrows
 v - 35 sling bullets
Armour
 b - a +2 leather armour (worn)
Jewellery
 q - an amulet of the acrobat (around neck)
Wands
 r - a wand of flame (3)
 u - a wand of acid (14)
 x - a wand of iceblast (15)
Scrolls
 f - a scroll of noise {unknown}
 i - 2 scrolls of enchant weapon {unknown}
 j - 2 scrolls of enchant armour {unknown}
 k - a scroll of fog {unknown}
 l - a scroll of amnesia {unknown}
 m - 4 scrolls of teleportation {unknown}
 p - 3 scrolls of identify {unknown}
 w - a scroll of vulnerability {unknown}
Potions
 d - a potion of attraction
 o - a potion of brilliance
 s - a potion of cancellation {unknown}
 z - a potion of mutation {unknown}
 A - a potion of curing {unknown}


   Skills:
 + Level 7.0 Fighting
 + Level 7.0 Short Blades
 + Level 2.3 Long Blades
 + Level 2.3 Axes
 + Level 2.3 Maces & Flails
 + Level 2.3 Polearms
 + Level 2.3 Staves
 + Level 2.3 Slings
 + Level 2.3 Bows
 + Level 2.3 Crossbows
 + Level 2.3 Throwing
 + Level 5.1 Armour
 + Level 3.5 Dodging
 + Level 2.3 Stealth
 + Level 2.3 Shields
 + Level 2.3 Unarmed Combat
 + Level 2.3 Spellcasting
 + Level 1.8 Conjurations
 + Level 1.8 Hexes
 + Level 1.8 Summonings
 + Level 1.8 Necromancy
 + Level 1.8 Translocations
 + Level 1.8 Transmutations
 + Level 1.8 Fire Magic
 + Level 1.8 Ice Magic
 + Level 1.8 Air Magic
 + Level 1.8 Earth Magic
 + Level 1.8 Poison Magic
 + Level 2.5 Invocations
 + Level 2.3 Evocations


You had 9 spell levels left.
You knew the following spells:

 Your Spells              Type           Power      Damage    Failure   Level
a - Sting                 Tmut/Pois      32%        1d4       16%         1

Your spell library contained the following spells:

 Spells                   Type           Power      Damage    Failure   Level
 Summon Small Mammal      Summ           32%        N/A       16%         1
 Ensorcelled Hibernation  Hex/Ice        16%        N/A       24%         2
 Passwall                 Tmut/Erth      6%         N/A       24%         2
 Poisonous Vapours        Pois/Air       16%        N/A       24%         2
 Call Canine Familiar     Summ           8%         N/A       43%         3
 Summon Guardian Golem    Hex/Summ       8%         N/A       43%         3
 Swiftness                Air            8%         N/A       43%         3
 Olgreb's Toxic Radiance  Pois           8%         N/A       85%         4


Dungeon Overview and Level Annotations

Branches:
Dungeon (4/15)             Temple (0/1) D:4

Altars:
Dithmenos
Xom


Innate Abilities, Weirdness & Mutations

You have very sharp teeth.
Your uncanny sense of smell can sniff out nearby items.
Your experience applies equally to all skills.


Message History

You bite the iron imp.
The iron imp is heavily wounded.
The shadow imp barely misses you.
The shadow imp hits you but does no damage.
The iron imp hits you but does no damage.
You hit the iron imp. Your bite misses the iron imp.
The iron imp is severely wounded.
The shadow imp hits you. The shadow imp gestures at you.
Pain shoots through your body!
* * * LOW HITPOINT WARNING * * *
You hit the iron imp but do no damage.
The iron imp is severely wounded.
The iron imp hits you.
* * * LOW HITPOINT WARNING * * *
The shadow imp hits you but does no damage. x2
You hit the iron imp but do no damage.
The iron imp is severely wounded.
The shadow imp closely misses you.
Unknown command.
It was a potion of attraction.
You feel attractive to monsters.
Xom is amused.
The shadow imp barely misses you. The iron imp barely misses you.
The shadow imp hits you.
* * * LOW HITPOINT WARNING * * *
Unknown command.
It was a potion of brilliance.
You feel clever all of a sudden.
Xom is highly amused!
The shadow imp hits you.
* * * LOW HITPOINT WARNING * * *
The iron imp closely misses you. The shadow imp closely misses you.
Unknown command.
It was a potion of might.
You feel very mighty all of a sudden.
The shadow imp hits you but does no damage.
The iron imp hits you.
You die... "I guess I need a new plaything now."

#######################
.........#.5.....#....#
.........5@55....#....#
.........#########....#####
#####..........#......#...
#..........'......'...
#####..........#......#..
.........#########....##
.........'..)....#....#
.........#.......#....#
#########################''######


You could see an iron imp (summoned), a white imp (summoned) and 2 shadow imps.

Vanquished Creatures
  Grinder (D:3)
  A hound (D:4)
  An orc priest (D:4)
  A jelly (D:4)
  5 gnolls
  5 adders
  A worm (D:3)
  5 dart slugs (D:1)
  5 orcs
  6 endoplasms
  2 giant cockroaches
  7 goblins
  7 hobgoblins
  4 jackals (D:3)
  2 quokkas
  6 ball pythons
  10 bats
  A frilled lizard (D:1)
  12 kobolds
  7 rats
89 creatures vanquished.

Notes
Turn   | Place    | Note
-------+----------+-------------------------------------------
     0 | D:1      | Ablot the Gnoll Chaos Knight began the quest for the Orb.
     0 | D:1      | Reached XP level 1. HP: 23/23 MP: 1/1
    71 | D:1      | XOM: divination: detect items
    79 | D:1      | Reached XP level 2. HP: 5/29 MP: 2/2
   620 | D:1      | XOM: divination: magic mapping
   650 | D:1      | Reached XP level 3. HP: 35/35 MP: 3/3
   689 | D:1      | XOM: divination: detect items
   984 | D:1      | Reached skill level 1 in Invocations
  1034 | D:1      | XOM: silly message
  1058 | D:1      | XOM: scenery: 4 doors close
  1155 | D:2      | Reached skill level 1 in Long Blades
  1155 | D:2      | Reached skill level 1 in Axes
  1155 | D:2      | Reached skill level 1 in Maces & Flails
  1155 | D:2      | Reached skill level 1 in Polearms
  1155 | D:2      | Reached skill level 1 in Staves
  1155 | D:2      | Reached skill level 1 in Slings
  1155 | D:2      | Reached skill level 1 in Bows
  1155 | D:2      | Reached skill level 1 in Crossbows
  1155 | D:2      | Reached skill level 1 in Throwing
  1155 | D:2      | Reached skill level 1 in Stealth
  1155 | D:2      | Reached skill level 1 in Shields
  1155 | D:2      | Reached skill level 1 in Unarmed Combat
  1155 | D:2      | Reached skill level 1 in Spellcasting
  1155 | D:2      | Reached skill level 1 in Evocations
  1196 | D:2      | Reached XP level 4. HP: 33/41 MP: 5/5
  1489 | D:2      | Found a shadowy altar of Dithmenos.
  1571 | D:2      | Reached skill level 1 in Conjurations
  1571 | D:2      | Reached skill level 1 in Hexes
  1571 | D:2      | Reached skill level 1 in Summonings
  1571 | D:2      | Reached skill level 1 in Necromancy
  1571 | D:2      | Reached skill level 1 in Translocations
  1571 | D:2      | Reached skill level 1 in Transmutations
  1571 | D:2      | Reached skill level 1 in Fire Magic
  1571 | D:2      | Reached skill level 1 in Ice Magic
  1571 | D:2      | Reached skill level 1 in Air Magic
  1571 | D:2      | Reached skill level 1 in Earth Magic
  1571 | D:2      | Reached skill level 1 in Poison Magic
  1621 | D:2      | XOM: scenery: create altars
  1645 | D:2      | Found a faded altar of an unknown god.
  1906 | D:2      | XOM: god gift: falchion {god gift}
  2012 | D:2      | XOM: cloud trail
  2218 | D:3      | Reached XP level 5. HP: 45/47 MP: 6/6
  2377 | D:3      | You fall into a shaft and drop 1 floor!
  2595 | D:3      | XOM: god gift: hand axe {god gift}
  2611 | D:3      | XOM: enchant monster (good)
  2838 | D:3      | Learned a level 1 spell: Sting
  3236 | D:3      | Noticed Grinder
  3242 | D:3      | Paralysed by Grinder for 4 turns
  3257 | D:3      | Killed Grinder
  3258 | D:3      | Reached skill level 5 in Armour
  3258 | D:3      | Reached XP level 6. HP: 53/53 MP: 7/9
  3770 | D:4      | Reached XP level 7. HP: 50/59 MP: 10/10
  4016 | D:4      | Found a staircase to the Ecumenical Temple.
  4098 | D:4      | XOM: summons 1 hostile shadow creature
  4117 | D:4      | XOM: god gift: scroll labelled ONKIGE RYPORO {god gift}
  4337 | D:4      | XOM: summons 4 hostile demons
  4354 | D:4      | HP: 3/60 [shadow imp[Xom] (1)]
  4355 | D:4      | Slain by an iron imp

Illustrated notes

Levels and vault maps discovered:
D:1:      psy_arrival_terrarium, layout_loops_ring,
          chequers_serial_rivers_micro_a, serial_park_tiny_pond
D:2:      layout_loops_ring, basic_altar, ebering_ecumenical_altar_ruins
D:3:      layout_loops_ring, uniq_grinder
D:4:      minmay_goblin_kobold_castle, layout_cave_pods,
          minmay_temple_entry_antechambers, small_statue_intersection

Skill      XL: |  1  2  3  4  5  6  7 |
---------------+----------------------+-----
Invocations    | 1 2 |  2.5
Long Blades    | 1 2 |  2.3
Axes           | 1 2 |  2.3
Maces & Flails | 1 2 |  2.3
Polearms       | 1 2 |  2.3
Staves         | 1 2 |  2.3
Slings         | 1 2 |  2.3
Bows           | 1 2 |  2.3
Crossbows      | 1 2 |  2.3
Throwing       | 1 2 |  2.3
Stealth        | 1 2 |  2.3
Shields        | 1 2 |  2.3
Unarmed Combat | 1 2 |  2.3
Spellcasting   | 1 2 |  2.3
Evocations     | 1 2 |  2.3
Conjurations   | 1 |  1.8
Hexes          | 1 |  1.8
Summonings     | 1 |  1.8
Necromancy     | 1 |  1.8
Translocations | 1 |  1.8
Transmutations | 1 |  1.8
Fire Magic     | 1 |  1.8
Ice Magic      | 1 |  1.8
Air Magic      | 1 |  1.8
Earth Magic    | 1 |  1.8
Poison Magic   | 1 |  1.8
Dodging        | 3 |  3.5
Armour         | 5 |  5.1
Fighting       | 7 |  7.0
Short Blades   | 7 |  7.0

Action                   |  1- 3 |  4- 6 |  7- 9 || total
-------------------------+-------+-------+-------++-------
Melee: Short sword       |   110 |   142 |    67 ||   319
       Bite              |     8 |    17 |     5 ||    30
       Punch             |     2 |       |     2 ||     4
Throw: Stone             |       |    10 |       ||    10
Evoke: Wand              |       |    11 |       ||    11
  Use: Potion            |       |       |     3 ||     3
 Stab: Sleeping          |     2 |     1 |       ||     3
       Paralysed         |       |     2 |       ||     2
Armor: Leather armour    |    26 |    22 |    16 ||    64
Dodge: Dodged            |    77 |    80 |    41 ||   198
